 Dungeon Crawl Stone Soup version 0.26-a0-651-gb41185065b (webtiles) character file.

Game seed: 4444452503736175455

976 ipx the Cleaver (level 7, -2/61 HPs)
             Began as a Minotaur Fighter on Oct 13, 2020.
             Was a Follower of Trog.
             Killed from afar by Pikel (12 damage)
             ... with an iceblast
             ... on level 8 of the Dungeon.
             The game lasted 00:17:41 (1410 turns).

ipx the Cleaver (Minotaur Fighter)                  Turns: 1410, Time: 00:17:42

Health: -2/61      AC:  9    Str: 20    XL:     7   Next: 95%
Magic:  6/6        EV:  7    Int:  5    God:    Trog [*.....]
Gold:   125        SH:  0    Dex: 12    Spells: 6/6 levels left

rFire    . . .     SeeInvis .   r - 8 javelins
rCold    . . .     Faith    .   (no shield)
rNeg     . . .     Spirit   .   q - +0 chain mail
rPois    .         Reflect  .   (helmet restricted)
rElec    .         Harm     .   (no cloak)
rCorr    +         Rampage  .   (no gloves)
MR       .....                  (no boots)
Stlth    ..........             (no amulet)
HPRegen  0.20/turn              Z - ring of resist corrosion
MPRegen  0.10/turn              (no ring)

@: about to teleport, berserk cooldown, slowed, very slow
A: retaliatory headbutt, horns 2
a: Berserk, Renounce Religion


You were on level 8 of the Dungeon.
You worshipped Trog.
Trog was aware of your devotion.
You visited 1 branch of the dungeon, and saw 10 of its levels.

You collected 125 gold pieces.

Inventory:

Hand Weapons
 a - a +3 battleaxe
 b - a +1 mace of protection
Missiles
 l - a throwing net (quivered)
 r - 8 javelins (in hand)
Armour
 c - a +1 kite shield
 q - a +0 chain mail (worn)
Jewellery
 Z - a ring of resist corrosion (left hand)
Wands
 m - a wand of enslavement (4)
Scrolls
 f - a scroll of teleportation
 g - a scroll of noise
 h - 3 scrolls of remove curse
 j - a scroll of fog
 k - a scroll of holy word {unknown}
Potions
 d - a potion of might
 e - 3 potions of curing
 i - a potion of flight {unknown}
 n - a potion of degeneration {unknown}
 o - a potion of lignification {unknown}
 s - a potion of stabbing {unknown}
Miscellaneous
 p - a phantom mirror


   Skills:
 - Level 5.0 Fighting
 * Level 10.0 Axes
 - Level 3.6 Armour
 - Level 3.6 Shields
 + Level 2.3 Evocations


You had 6 spell levels left.
You didn't know any spells.
Your spell library was empty.

Dungeon Overview and Level Annotations

Branches:
Dungeon (10/15)
 Temple: D:4-7         Lair: D:8-11         Orc: D:9-12

Altars:
Nemelex Xobeh
Sif Muna
Trog
Yredelemnul

Annotations:
D:2 Sigmund
D:3 exclusion: upstairs
D:8 Pikel


Innate Abilities, Weirdness & Mutations

You reflexively headbutt those who attack you in melee.
You have a pair of horns on your head.


Message History

You feel your anger nearly subside.
You are no longer berserk.
You are exhausted.
You feel yourself slow down.
r - 8 javelins (in hand)
You swing at nothing.
You swing at nothing.
Pikel the Slaver comes into view.
He is wielding a +2 whip of freezing, wearing a +1 robe of cold resistance and carrying a wand of iceblast (11).
A lemure comes into view.
Pikel says, "Asmodeus and me are pals.
He gave me this whip."
Pikel zaps a wand.
The mass of ice explodes!
The iceblast engulfs you!
* * * LOW HITPOINT WARNING * * *
You hear a shout!
You hear an angry growl.
As you read the scroll of fog, it crumbles to dust.
The scroll dissolves into smoke.
Okay, then.
Unknown command.
As you read the scroll of teleportation, it crumbles to dust.
You feel strangely unstable.
Pikel zaps a wand.
The mass of ice explodes!
The iceblast engulfs you!
You die...

#############
............#########
.....†...K.§§§K§@§§>#
....#######(#§#######
## #.#§# ..#.# ...#.#
....#.# ####.#.#
#.#.# #.#


You could see Pikel.

Vanquished Creatures
  A hippogriff (D:7)
  A phantom (D:7)
  An ogre (D:9)
  3 lemures (D:8)
  Blork the orc (D:4)
  2 bullfrogs (D:7)
  A scorpion (D:4)
  A howler monkey (D:8)
  A bullfrog zombie (D:8)
  2 hounds
  An orc priest (D:5)
  2 orc wizards (D:5)
  2 worker ants
  A killer bee zombie (D:4)
  3 gnolls (D:3)
  A howler monkey skeleton (D:4)
  2 adders (D:3)
  2 white imps
  An ufetubus (D:7)
  A dart slug (D:3)
  A leopard gecko (D:3)
  4 orcs
  A ball python (D:3)
  3 bats
  A goblin (D:2)
  3 hobgoblins
  7 jackals
  5 kobolds
  A quokka (D:2)
  5 frilled lizards
  A quokka zombie (D:6)
  2 rats (D:3)
64 creatures vanquished.

Vanquished Creatures (others)
  A jelly (D:9)
1 creature vanquished.

Grand Total: 65 creatures vanquished

Notes
Turn   | Place    | Note
-------+----------+-------------------------------------------
     0 | D:1      | ipx the Minotaur Fighter began the quest for the Orb.
     0 | D:1      | Reached XP level 1. HP: 19/19 MP: 0/0
   100 | D:2      | Reached skill level 3 in Axes
   105 | D:2      | Found a sparkling altar of Nemelex Xobeh.
   143 | D:2      | Noticed Sigmund
   213 | D:3      | Reached XP level 2. HP: 23/26 MP: 1/1
   229 | D:3      | Reached skill level 4 in Axes
   243 | D:3      | Reached XP level 3. HP: 6/31 MP: 2/2
   244 | D:3      | HP: 1/31 [gnoll/cursed -3 spear (4)]
   329 | D:3      | Found a bloodstained altar of Trog.
   334 | D:3      | Became a worshipper of Trog the Wrathful
   432 | D:4      | Noticed Blork the orc
   504 | D:3      | Reached skill level 5 in Axes
   535 | D:3      | Reached XP level 4. HP: 22/39 MP: 3/3
   655 | D:4      | Got a smoking leather armour
   672 | D:4      | Identified the cursed +1 leather armour of Tortured Life
                  | {Int+4} (You found it on level 4 of the Dungeon)
   701 | D:4      | Reached skill level 6 in Axes
   708 | D:4      | Reached XP level 5. HP: 45/45 MP: 4/4
   711 | D:4      | Killed Blork the orc
   711 | D:4      | Reached * piety under Trog
   711 | D:4      | Reached skill level 7 in Axes
   776 | D:5      | Entered Level 5 of the Dungeon
   944 | D:5      | Found a shimmering blue altar of Sif Muna.
   960 | D:5      | Reached XP level 6. HP: 46/52 MP: 5/5
   962 | D:5      | Reached skill level 8 in Axes
  1069 | D:6      | Found a basalt altar of Yredelemnul.
  1186 | D:7      | Reached XP level 7. HP: 47/60 MP: 6/6
  1202 | D:7      | Noticed a hippogriff
  1210 | D:7      | Killed a hippogriff
  1210 | D:7      | Reached skill level 5 in Fighting
  1210 | D:7      | Reached skill level 9 in Axes
  1210 | D:7      | Reached skill level 1 in Evocations
  1276 | D:7      | You fall into a shaft and drop 3 floors!
  1276 | D:10     | Entered Level 10 of the Dungeon
  1382 | D:8      | Reached skill level 10 in Axes
  1404 | D:8      | Noticed Pikel
  1410 | D:8      | Killed from afar by Pikel

Illustrated notes

Levels and vault maps discovered:
D:1:      dpeg_arrival_ratfight, layout_rooms
D:2:      layout_basic, old_standard_altar, uniq_sigmund
D:3:      layout_loops_ring, lightli_temple_of_fire,
          chequers_ecumenical_altar_simple, kennysheep_generic_room_15
D:4:      layout_basic, temple_doors_cd, uniq_blork_the_orc, uniq_menkaure
D:5:      layout_gridville, overflow_temple_1_default,
          gammafunk_temple_overflow_statue, nicolae_ashenzari_panopticon
D:6:      layout_gridville, yredelemnul_altar_generic, lemuel_doored_altar,
          serial_shops, shop_coins, shop
D:7:      layout_loops_cross
D:8:      layout_basic, overflow_temple_1_default, erik_lair_dragon,
          minmay_the_grid_2x2 [minmay_the_grid_paths,
          minmay_the_grid_outer_circle, minmay_the_grid_slots,
          minmay_the_grid_prize_diamond_cup], uniq_harold, uniq_grum,
          uniq_pikel, uniq_psyche
D:9:      layout_basic, grunt_qazlal_sundering, kennysheep_mini, minivault_28,
          uniq_maurice
D:10:     layout_roguey, nicolae_trove_entry_columns

Skill      XL: |  1  2  3  4  5  6  7 |
---------------+----------------------+-----
Axes           | 3 4 5 6 7 8 10 | 10.0
Fighting       | 4 5 |  5.0
Evocations     | 2 |  2.3
Armour         | |  3.6
Shields        | |  3.6

Action                   |  1- 3 |  4- 6 |  7- 9 || total
-------------------------+-------+-------+-------++-------
Melee: War axe           |    69 |    18 |       ||    87
       Headbutt          |     9 |    11 |     7 ||    27
       Battleaxe         |       |    35 |    43 ||    78
Throw: Throwing net      |     2 |     1 |       ||     3
Invok: Berserk           |       |     1 |     1 ||     2
Evoke: Wand              |       |       |     2 ||     2
  Use: Potion            |     1 |     1 |       ||     2
       Scroll            |       |     7 |     2 ||     9
Armor: Scale mail        |    31 |       |       ||    31
       Chain mail        |       |    26 |    34 ||    60
Dodge: Dodged            |    26 |    19 |    20 ||    65
Block: Kite shield       |    33 |     6 |       ||    39

Table legend: (Time is in decaauts)
 A = Elapsed time spent in this place.
 B = Non-inter-level travel time spent in this place.
 C = Inter-level travel time spent in this place.
 D = Time resting spent in this place.
 E = Time spent auto-exploring this place.
 F = Levels seen in this place.
 G = Mean time per level.
                   A        B        C        D        E       F      G
               +--------+--------+--------+--------+--------+-----+--------+
         Total |   1505 |   1481 |     24 |      0 |      0 |  10 |  150.5 |
       Dungeon |   1505 |   1481 |     24 |      0 |      0 |  10 |  150.5 |
               +--------+--------+--------+--------+--------+-----+--------+

Top non-repeatable levels by time:
     D:3: 457 daAuts
     D:5: 294 daAuts
     D:4: 161 daAuts
     D:7: 127 daAuts
     D:2: 122 daAuts
     D:6: 101 daAuts
     D:1: 99 daAuts
     D:9: 66 daAuts
     D:8: 61 daAuts
    D:10: 13 daAuts
